 Dungeon Crawl Stone Soup version 0.27.1-3-gb3d3a73c9e (webtiles) character file.

Game seed: 6802088689924331113

90 ANNNA the Magician (level 4, 0/24 HPs)
             Began as a Deep Elf Venom Mage on Oct 22, 2021.
             Was an Initiate of Sif Muna.
             Killed by divine providence
             ... invoked by an orc priest
              (15 damage)
             ... on level 3 of the Dungeon.
             The game lasted 00:08:51 (3405 turns).

ANNNA the Magician (Deep Elf Venom Mage)            Turns: 3405, Time: 00:08:52

Health: 0/24       AC:  2    Str:  5    XL:     4   Next: 32%
Magic:  6/12       EV: 13    Int: 21    God:    Sif Muna [......]
Gold:   138        SH:  0    Dex: 15    Spells: 8/11 levels left

rFire    x . .     SeeInvis .   r - +2 dagger (protect)
rCold    + . .     Faith    .   (no shield)
rNeg     . . .     Spirit   .   a - +0 robe
rPois    .         Reflect  .   (no helmet)
rElec    .         Harm     .   (no cloak)
rCorr    .         Rampage  .   (no gloves)
Will     .....                  (no boots)
Stlth    ++........             (no amulet)
HPRegen  0.08/turn              n - ring of ice
MPRegen  0.13/turn              (no ring)

@: no status effects
A: no striking features
a: Renounce Religion


You were on level 3 of the Dungeon.
You worshipped Sif Muna.
Sif Muna was noncommittal.
You visited 1 branch of the dungeon, and saw 3 of its levels.

You collected 138 gold pieces.

Inventory:

Hand Weapons
 r - a +2 dagger of protection (weapon)
Missiles
 c - 96 stones
 p - 5 atropa-tipped darts (quivered)
Armour
 a - a +0 robe (worn)
Jewellery
 n - a ring of ice (left hand)
Scrolls
 b - 2 scrolls of identify {unknown}
 d - a scroll of teleportation {unknown}
 h - a scroll of immolation {unknown}
 i - a scroll of brand weapon {unknown}
 j - a scroll of amnesia {unknown}
 m - a scroll of vulnerability {unknown}
 o - 3 scrolls of magic mapping {unknown}
Potions
 e - a potion of invisibility {unknown}
 f - a potion of ambrosia {unknown}
 g - a potion of curing
 k - a potion of brilliance {unknown}
 l - a potion of attraction {unknown}
 q - a potion of flight {unknown}
 s - 2 potions of lignification {unknown}


   Skills:
 + Level 0.8 Fighting
 + Level 2.8 Dodging
 + Level 2.4 Stealth
 + Level 4.3 Spellcasting
 + Level 1.6 Transmutations
 + Level 0.7 Air Magic
 + Level 4.2 Poison Magic


You had 8 spell levels left.
You knew the following spells:

 Your Spells              Type           Power      Damage    Failure   Level
a - Sting                 Tmut/Pois      64%        1d6       3%          1
b - Poisonous Vapours     Pois/Air       28%        N/A       6%          2

Your spell library contained the following spells:

 Spells                   Type           Power      Damage    Failure   Level
 Magic Dart               Conj           16%        1d3       12%         1
 Call Imp                 Summ           4%         N/A       19%         2
 Mephitic Cloud           Conj/Pois/Air  11%        N/A       19%         3
 Olgreb's Toxic Radiance  Pois           22%        N/A       21%         4


Dungeon Overview and Level Annotations

Branches:
Dungeon (3/15)

Altars:
Sif Muna


Message History

a +0 short sword; a kobold corpse
Things that are here:
a +0 dagger; a +0 leather armour
s - 2 yellow potions You see here a +0 flail.
An orc wizard comes into view. It is wielding a +0 dagger.
Casting: Sting (safe; 3% risk of failure)
Confirm with . or Enter, or press ? or * to list all spells.
Aiming: Poisonous Vapours (safe; 6% risk of failure)
Press: ? - help, Dir - move target, f - orc wizard
Aim: an orc wizard, wielding a +0 dagger and wearing a +0 robe (wandering, hasn't noticed you) Poisonous vapours surround the orc wizard!
The orc wizard is poisoned.
The orc wizard shouts!
The orc wizard casts a spell at you. You resist with some effort.
The orc priest looks encouraged for a moment.
Casting: Poisonous Vapours (safe; 6% risk of failure)
Confirm with . or Enter, or press ? or * to list all spells.
Aiming: Poisonous Vapours (safe; 6% risk of failure)
Press: ? - help, Dir - move target, f - orc priest, p - orc wizard
Aim: an orc priest, wielding a +0 falchion (moderately wounded) Poisonous vapours surround the orc priest!
The orc priest is poisoned.
The orc priest calls upon Beogh to heal the orc wizard.
The orc wizard's wounds heal themselves!
The orc priest mumbles some strange prayers to Beogh against you.
Beogh smites you!
You hear a shout!
Casting: Poisonous Vapours (safe; 6% risk of failure)
Confirm with . or Enter, or press ? or * to list all spells.
Aiming: Poisonous Vapours (safe; 6% risk of failure)
Press: ? - help, Dir - move target, f - orc wizard, p - orc priest
Aim: an orc wizard, wielding a +0 dagger and wearing a +0 robe (poisoned) Poisonous vapours surround the orc wizard!
The orc wizard looks even sicker.
The orc wizard barely misses you.
The orc priest calls down the wrath of Beogh upon you.
Beogh smites you!
Ouch! That really hurt!
You die...

#. ##.# ##...# #.# #.#
.#.....##.# #.#
........#.# #.#.#
......o.#.# #.#.#
#.#.# #.#.### #o#.#
#.#>.. #@#.####.#.# #
#..........# ..
###.####.#.###....
#.####.......# #
#)##.....######
#.#####.#.......#...##
........#.8...8...8...
#...........#...#...##
########.#.###.###...#


You could see an orc priest (poisoned) and an orc wizard (very poisoned).

Vanquished Creatures
  A hound skeleton (D:2)
  3 gnolls
  An adder (D:2)
  2 worms (D:2)
  A dart slug (D:1)
  2 orcs (D:3)
  An endoplasm (D:1)
  A giant cockroach (D:2)
  2 goblins
  5 hobgoblins
  A quokka (D:2)
  3 ball pythons (D:2)
  3 bats
  2 frilled lizards (D:1)
  2 kobolds
  2 rats (D:2)
32 creatures vanquished.

Notes
Turn   | Place    | Note
-------+----------+-------------------------------------------
     0 | D:1      | ANNNA the Deep Elf Venom Mage began the quest for the Orb.
     0 | D:1      | Reached XP level 1. HP: 10/10 MP: 6/6
   585 | D:1      | Reached XP level 2. HP: 15/15 MP: 6/8
   621 | D:1      | Learned a level 2 spell: Poisonous Vapours
  1056 | D:2      | Found a shimmering blue altar of Sif Muna.
  1064 | D:2      | Became a worshipper of Sif Muna the Loreminder
  1971 | D:2      | Reached XP level 3. HP: 8/20 MP: 3/10
  2431 | D:1      | Reached XP level 4. HP: 7/24 MP: 0/12
  2656 | D:2      | HP: 1/24 [gnoll (9)]
  3178 | D:3      | Found a faded altar of an unknown god.
  3405 | D:3      | Killed from afar by an orc priest

Illustrated notes

Levels and vault maps discovered:
D:1:      dpeg_arrival_pits, layout_loops_corners
D:2:      layout_rooms, basic_altar, corexii_item_surrounded_by_moat
D:3:      layout_loops_ring, ebering_ecumenical_altar_hall,
          minmay_misc_feat_four_crosses, bh_walls_and_bars

Skill      XL: |  1  2  3 |
---------------+----------+-----
Poison Magic   | 4 |  4.2
Spellcasting   | 4 |  4.3
Fighting       | |  0.8
Dodging        | |  2.8
Stealth        | |  2.4
Transmutations | |  1.6
Air Magic      | |  0.7

Action                   |  1- 3 |  4- 6 || total
-------------------------+-------+-------++-------
Melee: Dagger            |    13 |     3 ||    16
 Cast: Sting             |    43 |     6 ||    49
       Poisonous Vapours |    24 |    10 ||    34
 Stab: Sleeping          |       |     1 ||     1
Armor: Robe              |     3 |       ||     3
Dodge: Dodged            |    25 |     4 ||    29
